 Dungeon Crawl Stone Soup version 0.21-b1-23-g1fb0a74 (webtiles) character file.

2060 mortelune the Geomancer (level 9, -1/70 HPs)
             Began as a Deep Dwarf Earth Elementalist on Jan 5, 2018.
             Slain by Sigmund
             ... wielding a +0 scythe
              (5 damage)
             ... on level 2 of the Dungeon.
             The game lasted 00:38:53 (10292 turns).

mortelune the Geomancer (DDEE)                     Turns: 10292, Time: 00:38:53

Health: -1/70      AC:  7    Str: 12    XL:     9   Next: 5%
Magic:  29/29      EV: 12    Int: 19    God:
Gold:   129        SH:  0    Dex: 13    Spells: 8/17 levels left

rFire    . . .     SeeInvis .   C - staff of power
rCold    . . .     Gourm    .   (no shield)
rNeg     . . .     Faith    .   o - +1 leather armour
rPois    .         Spirit   .   y - +0 helmet
rElec    .         Reflect  .   k - +0 cloak
rCorr    +         Harm     .   (no gloves)
MR       +....                  (no boots)
Stlth    +++.......             x - amulet of magic regeneration
HPRegen  0.00/turn              n - ring of stealth
MPRegen  0.46/turn              I - ring of resist corrosion

@: non-regenerating
A: damage resistance, heal wounds, sense surroundings 2, no regeneration
a: Heal Wounds


You were on level 2 of the Dungeon.
You were hungry.

You visited 2 branches of the dungeon, and saw 8 of its levels.

You collected 214 gold pieces.
You spent 85 gold pieces at shops.

Inventory:

Hand Weapons
 a - a +0 war axe
 b - a +2 hunting sling of freezing
 s - a +0 flail of protection
Missiles
 g - 92 stones (quivered)
 l - 40 sling bullets
Armour
 k - a +0 cloak (worn)
 o - a +1 leather armour (worn)
 y - a +0 helmet (worn)
Magical Staves
 C - an uncursed staff of power (weapon)
Jewellery
 n - a ring of stealth (left hand)
 x - an amulet of magic regeneration (around neck)
 I - a ring of resist corrosion (right hand)
Wands
 r - a wand of random effects (21)
 B - a wand of paralysis (1)
 D - a wand of disintegration (23)
Scrolls
 i - 3 scrolls of teleportation
 j - 3 scrolls of fog
 t - 2 scrolls of remove curse
 v - a scroll of enchant armour
 E - a scroll of torment {unknown}
 F - a scroll of blinking {unknown}
 G - 2 scrolls of amnesia
Potions
 c - 2 potions of curing {unknown}
 f - a potion of heal wounds
 h - a potion of might {unknown}
 m - a potion of flight {unknown}
 p - 2 potions of agility
 q - 3 potions of mutation
 w - a potion of magic {unknown}
 z - a potion of lignification {unknown}
Books
 e - a book of Geomancy

   Spells                             Type                      Level
   a - Sandblast                      Earth                        1
   b - Passwall                       Transmutation/Earth          2
   c - Stone Arrow                    Conjuration/Earth            3
   d - Petrify                        Transmutation/Earth          4
   e - Lee's Rapid Deconstruction     Earth                        5
Comestibles
 d - 10 rations
 u - 8 chunks of flesh


   Skills:
 + Level 1.3 Fighting
 + Level 5.6 Armour
 - Level 2.1 Dodging
 - Level 2.4 Stealth
 + Level 4.7 Spellcasting
 + Level 4.0 Conjurations
   Level 0.8 Transmutations
 * Level 10.7 Earth Magic


You had 8 spell levels left.
You knew the following spells:

 Your Spells              Type           Power        Failure   Level  Hunger
a - Sandblast             Erth           #####.       1%          1    None
b - Stone Arrow           Conj/Erth      ####..       2%          3    ##.....
c - Lee's Rapid Deconstr  Erth           #####.....   5%          5    ######.


Dungeon Overview and Level Annotations

Branches:
Dungeon (7/15)             Temple (1/1) D:6

Altars:
Cheibriados
Dithmenos
Elyvilon
Fedhas
Gozag
Kikubaaqudgha
Nemelex Xobeh
Okawaru
Qazlal
Ru
Sif Muna
Trog
Uskayaw
Vehumet
Xom
Yredelemnul
The Shining One

Shops:
D:4 *(*:(

Annotations:
D:2 4 exclusions, Robin, Sigmund


Innate Abilities, Weirdness & Mutations

You are resistant to damage.
You can heal yourself by infusing magical energy.
You passively map the area around you.
You do not regenerate.


Message History

Really walk into a travel-excluded area?
Really walk into a travel-excluded area? [Y]es or [N]o only, please.
Really walk into a travel-excluded area?
Found a club.
Sigmund shouts!
Sigmund casts a spell at you. You resist with almost no effort.
Sigmund casts a spell at you. The magic dart hits you!
* * * LOW HITPOINT WARNING * * *
Sigmund casts a spell.
Sigmund flickers and vanishes!
Deactivating autopickup; reactivate with Ctrl-A.
Something hits you.
* * * LOW HITPOINT WARNING * * *
Something hits you.
* * * LOW HITPOINT WARNING * * *
Something hits you!
You die...

*,,* *,*,******#
#..# *,*,* ,,. #..#
#.#.#,,,,,* #..#
#.#)#,,* #..#
#.#.#,,#, #..#
#.#.#,.#,, #..#
#.#.#,.#,,
#.{######.#.#..#,,,
#.@.......#.#..#...
##.............#...
**##########.#.##...
*,,,,,,,,,*#.#.##...
**,*****#,*#.#.##...
*,* ###.##.#......
*,* #..........#.#
*,* #.#.##........
*,* *,#,*#####.#.#


There were no monsters in sight!

Vanquished Creatures
  Pikel (D:5)
  Prince Ribbit (D:5)
  The ghost of arkorax the Chopper, an amateur MiBe of Trog (D:4)
  Edmund (D:5)
  An orc warrior (D:6)
  A sky beast (D:5)
  An ogre (D:5)
  A vampire bat (D:4)
  A howler monkey (D:6)
  3 crimson imps
  A centaur zombie (D:6)
  A quasit (D:7)
  2 hounds
  An orc priest (D:4)
  A centaur skeleton (D:4)
  Ijyb (D:5)
  6 worker ants
  Terence (D:2)
  3 orc wizards
  4 gnolls
  3 adders (D:3)
  2 shadow imps
  2 adder skeletons (D:6)
  2 worms (D:2)
  A dart slug (D:4)
  4 leopard geckos
  25 orcs
  17 bats
  8 giant cockroaches
  11 hobgoblins
  4 jackals (D:4)
  5 kobolds
  A quokka (D:3)
  A ball python (D:1)
  4 frilled lizards
  2 gnoll zombies (D:2)
  22 goblins
  A quokka skeleton (D:5)
  10 rats
158 creatures vanquished.

Vanquished Creatures (others)
  A centaur (D:5)
  A howler monkey (D:5)
  An adder zombie (D:5)
3 creatures vanquished.

Grand Total: 161 creatures vanquished

Notes
Turn   | Place    | Note
-------+----------+-------------------------------------------
     0 | D:1      | mortelune the Deep Dwarf Earth Elementalist began the quest for the Orb.
     0 | D:1      | Reached XP level 1. HP: 15/15 MP: 3/3
    38 | D:1      | Reached XP level 2. HP: 14/22 MP: 1/5
   137 | D:1      | Reached skill level 1 in Armour
   457 | D:1      | Reached XP level 3. HP: 17/28 MP: 6/6
   462 | D:1      | Learned a level 3 spell: Stone Arrow
   653 | D:1      | Reached skill level 5 in Earth Magic
  1462 | D:2      | Noticed Robin
  1978 | D:2      | Noticed Terence
  2005 | D:2      | Killed Terence
  2005 | D:2      | Reached XP level 4. HP: 32/36 MP: 0/7
  2234 | D:2      | Noticed Sigmund
  2869 | D:2      | Found a basalt altar of Yredelemnul.
  3398 | D:3      | Found an iron altar of Okawaru.
  3630 | D:3      | Reached skill level 6 in Earth Magic
  3764 | D:3      | Reached XP level 5. HP: 29/42 MP: 0/8
  4448 | D:3      | Learned a level 5 spell: Lee's Rapid Deconstruction
  4696 | D:3      | Found an ancient bone altar of Kikubaaqudgha.
  6056 | D:4      | Noticed arkorax's ghost (amateur MiBe)
  6327 | D:4      | Reached skill level 1 in Conjurations
  6327 | D:4      | Reached XP level 6. HP: 25/49 MP: 0/10
  6343 | D:4      | Reached skill level 7 in Earth Magic
  6642 | D:4      | Found Rojy's Book Shop.
  6649 | D:4      | Found Ethroczuts's General Store.
  6657 | D:4      | Bought a +0 helmet for 58 gold pieces
  6668 | D:4      | Found Lupeq's Weapon Shoppe.
  6677 | D:4      | Bought 25 stones for 27 gold pieces
  6749 | D:4      | Found Ojyi's Weapon Shoppe.
  6812 | D:4      | Found a snail-covered altar of Cheibriados.
  7079 | D:4      | Found Joij's General Store.
  7106 | D:4      | Reached XP level 7. HP: 35/55 MP: 0/10
  7209 | D:5      | Entered Level 5 of the Dungeon
  7212 | D:5      | Noticed Pikel
  7315 | D:5      | Paralysed by Pikel for 7 turns
  7330 | D:5      | Killed Pikel
  7330 | D:5      | Reached skill level 9 in Earth Magic
  7330 | D:5      | Reached XP level 8. HP: 17/62 MP: 4/12
  7349 | D:5      | Noticed Edmund
  7362 | D:5      | Killed Edmund
  7418 | D:5      | Noticed Ijyb
  7423 | D:5      | Killed Ijyb
  8193 | D:5      | Noticed Prince Ribbit
  8198 | D:5      | Killed Prince Ribbit
  8198 | D:5      | Reached skill level 5 in Armour
  8198 | D:5      | Reached skill level 10 in Earth Magic
  8313 | D:5      | Found a sacrificial altar of Ru.
  8538 | D:6      | Found a staircase to the Ecumenical Temple.
  8552 | Temple   | Entered the Ecumenical Temple
  8821 | D:6      | Found a white marble altar of Elyvilon.
  8873 | D:6      | Found an opulent altar of Gozag.
  9043 | D:6      | Reached skill level 1 in Fighting
  9811 | D:4      | Found Ethroczuts's General Store.
  9828 | D:4      | Found Lupeq's Weapon Shoppe.
  9840 | D:4      | Found Rojy's Book Shop.
  9967 | D:4      | Killed arkorax's ghost
  9967 | D:4      | Gained mutation: You passively map the area around you. [Deep Dwarf growth]
  9967 | D:4      | Reached XP level 9. HP: 20/70 MP: 14/14
 10292 | D:2      | Slain by Sigmund

Skill      XL: |  1  2  3  4  5  6  7  8 |
---------------+-------------------------+-----
Spellcasting   | 2 3 4 |  4.7
Armour         | 1 2 3 4 5 |  5.6
Earth Magic    | 5 6 7 9 10 | 10.7
Conjurations   | 1 2 4 |  4.0
Fighting       | 1 |  1.3
Dodging        | |  2.1
Stealth        | |  2.4
Transmutations | |  0.8

Action                   |  1- 3 |  4- 6 |  7- 9 || total
-------------------------+-------+-------+-------++-------
Melee: Short sword       |    23 |       |       ||    23
       Flail             |       |    76 |       ||    76
       War axe           |       |       |     3 ||     3
       Staff             |       |       |     8 ||     8
 Fire: Hunting sling     |       |    15 |     6 ||    21
 Cast: Sandblast         |    40 |    43 |    38 ||   121
       Stone Arrow       |    14 |    60 |    41 ||   115
       Lee's Rapid Decon |       |       |     6 ||     6
 Abil: Heal Wounds       |     1 |     1 |     2 ||     4
  Use: Scroll            |     1 |     4 |     4 ||     9
       Potion            |       |     1 |       ||     1
 Stab: Sleeping          |     1 |       |       ||     1
       Distracted        |       |     1 |       ||     1
  Eat: Chunk             |     2 |    21 |    11 ||    34
       Ration            |     1 |     1 |     1 ||     3
Armor: Robe              |    16 |       |       ||    16
       Leather armour    |       |    55 |    14 ||    69
Dodge: Dodged            |    38 |   101 |    18 ||   157
